 Dungeon Crawl Stone Soup version 0.29-a0-721-g7f417c9bbb (webtiles) character file.

Game seed: 14500747875361216562

100 blackman the Chopper (level 4, -1/39 HPs)
             Began as a Hill Orc Monk on June 27, 2022.
             Slain by a hound (5 damage)
             ... on level 3 of the Dungeon.
             The game lasted 00:05:18 (3318 turns).

blackman the Chopper (Hill Orc Monk)                Turns: 3318, Time: 00:05:19

Health: -1/39      AC:  4    Str: 15    XL:     4   Next: 73%
Magic:  4/4        EV: 12    Int: 10    God:
Gold:   157        SH:  3    Dex: 13    Spells: 3/3 levels left

rFire   . . .      SeeInvis .   a - +0 hand axe
rCold   . . .      Faith    .   i - +0 buckler
rNeg    . . .      Spirit   .   b - +0 robe
rPois   .          Reflect  .   d - +0 helmet
rElec   .          Harm     .   (no cloak)
rCorr   .          Rampage  .   u - +0 pair of gloves
Will    .....                   (no boots)
Stlth   ++........              (no amulet)
HPRegen 0.13/turn               (no ring)
MPRegen 0.09/turn               (no ring)

@: no status effects
A: no striking features
a: no special abilities


You were on level 3 of the Dungeon.
You visited 1 branch of the dungeon, and saw 4 of its levels.

You collected 157 gold pieces.

Inventory:

Hand Weapons
 a - a +0 hand axe (weapon)
Missiles
 t - 3 poisoned darts (quivered)
Armour
 b - a +0 robe (worn)
 d - a +0 helmet (worn)
 i - a +0 buckler (worn)
 u - a +0 pair of gloves (worn)
Scrolls
 g - 3 scrolls of poison {unknown}
 h - a scroll of noise {unknown}
 j - a scroll of summoning {unknown}
 m - a scroll of identify {unknown}
 n - 4 scrolls of teleportation {unknown}
 q - a scroll of fear {unknown}
 v - a scroll of enchant armour {unknown}
Potions
 c - 2 potions of ambrosia
 e - a potion of brilliance {unknown}
 f - a potion of flight {unknown}
 k - a potion of lignification {unknown}
 l - a potion of resistance {unknown}
 o - a potion of curing {unknown}
 p - a potion of degeneration {unknown}
 r - a potion of heal wounds {unknown}
 s - a potion of invisibility {unknown}


   Skills:
 - Level 3.6 Fighting
 + Level 7.0 Axes
 - Level 2.4 Dodging
 - Level 1.5 Stealth


You had 3 spell levels left.
You didn't know any spells.
Your spell library contained the following spells:

 Spells                   Type           Power      Damage    Failure   Level
 Slow                     Hex            0%         N/A       45%         1
 Confusing Touch          Hex            0%         N/A       83%         3
 Vampiric Draining        Necr           0%         2d6       83%         3


Dungeon Overview and Level Annotations

Branches:
Dungeon (4/15)
 Temple: D:4-7

Altars:
Vehumet


Message History

You are too confused!
The hound misses you.
There is a stone staircase leading up here.
The orc hits you with a +0 flail! The hound bites you.
You climb upwards.
There is a stone staircase leading down here.
You are too confused!
You are too confused!
You are too confused!
You are too confused!
You are too confused!
You bump into the rock wall.
The hound bites you. The orc wizard completely misses you.
The orc hits you with a +0 flail! The hound barely misses you.
You bump into the rock wall.
The orc wizard hits you but does no damage.
The orc hits you with a +0 flail.
* * * LOW HITPOINT WARNING * * *
The hound bites you.
* * * LOW HITPOINT WARNING * * *
You hit the orc.
The orc is heavily wounded.
You closely miss the hound. You hit the orc wizard.
You feel less confused. The hound closely misses you.
The orc wizard hits you with a +0 dagger.
* * * LOW HITPOINT WARNING * * *
The orc hits you with a +0 flail.
* * * LOW HITPOINT WARNING * * *
The hound pauses to sniff the ground.
The hound closely misses you.
You closely miss the hound.
The hound is lightly wounded.
You barely miss the orc wizard. You completely miss the orc.
You block the orc wizard's attack. The orc hits you but does no damage.
The hound barely misses you.
You barely miss the hound.
The hound is lightly wounded.
You hit the orc. You hit the orc wizard. The hound bites you.
You die...

####.## #........
#....# #........
#.#### #........ #.#
#....≈≈≈≈ #.#
#..[...≈.
######.#######......≈.
#.........##.'..≈≈≈≈♣≈
#...o.h......#......≈.
#...o@....####......≈.
#######..## #....≈≈≈≈
##.# #........ #.#
#........ #.##
#...).... #..##
######### ##..# ##.#
#.#


You could see a hound, an orc wizard and an orc.

Vanquished Creatures
  2 adders
  2 river rats (D:3)
  A worm (D:3)
  A dart slug (D:3)
  An orc (D:3)
  9 ball pythons
  2 bats (D:3)
  8 endoplasms
  2 giant cockroaches (D:3)
  2 goblins
  9 hobgoblins
  4 jackals (D:2)
  2 quokkas
  4 rats
49 creatures vanquished.

Notes
Turn   | Place    | Note
-------+----------+-------------------------------------------
     0 | D:1      | blackman the Hill Orc Monk began the quest for the Orb.
     0 | D:1      | Reached XP level 1. HP: 19/19 MP: 1/1
   353 | D:1      | Found a faded altar of an unknown god.
   451 | D:1      | Reached XP level 2. HP: 23/26 MP: 2/2
   569 | D:1      | Reached skill level 5 in Axes
  1203 | D:2      | Reached XP level 3. HP: 23/31 MP: 3/3
  2001 | D:3      | Found a radiant altar of Vehumet.
  2102 | D:3      | Reached skill level 6 in Axes
  2258 | D:3      | Reached XP level 4. HP: 15/39 MP: 4/4
  2493 | D:3      | You fall into a shaft and drop 1 floor!
  3140 | D:3      | Reached skill level 7 in Axes
  3318 | D:3      | Slain by a hound

Illustrated notes

Levels and vault maps discovered:
D:1:      psy_arrival_whirlpool, layout_basic, serial_glass, glass_columns_b,
          glass_columns_c, basic_ecumenical_altar
D:2:      layout_loops_cross
D:3:      layout_rooms, fiery_altar_vehumet, portal_sewer_entry_e,
          kennysheep_generic_room_16
D:4:      layout_rooms, roderic_filled_cross, minmay_liquid_box

Skill      XL: |  1  2  3  4 |
---------------+-------------+-----
Axes           | 5 6 7 |  7.0
Fighting       | |  3.6
Dodging        | |  2.4
Stealth        | |  1.5

Action                   |  1- 3 |  4- 6 || total
-------------------------+-------+-------++-------
Melee: Hand axe          |   119 |    61 ||   180
 Stab: Sleeping          |     3 |       ||     3
Armor: Robe              |    22 |    14 ||    36
Dodge: Dodged            |    81 |    40 ||   121
Block: Buckler           |    14 |     7 ||    21

Table legend: (Time is in decaauts)
 A = Elapsed time spent in this place.
 B = Non-inter-level travel time spent in this place.
 C = Inter-level travel time spent in this place.
 D = Time resting spent in this place.
 E = Time spent auto-exploring this place.
 F = Levels seen in this place.
 G = Mean time per level.
                   A        B        C        D        E       F      G
               +--------+--------+--------+--------+--------+-----+--------+
         Total |   3329 |   3152 |    177 |    181 |   2582 |   4 |  832.2 |
       Dungeon |   3329 |   3152 |    177 |    181 |   2582 |   4 |  832.2 |
               +--------+--------+--------+--------+--------+-----+--------+

Top non-repeatable levels by time:
     D:3: 1311 daAuts
     D:1: 1176 daAuts
     D:2: 826 daAuts
     D:4: 14 daAuts
